 Dungeon Crawl Stone Soup version 0.29.1-1-gd02db6906a (webtiles) character file.

Game seed: 12587608626580346102

2470 brightshaft the Carver (level 9, -1/71 HPs)
             Began as a Merfolk Gladiator on Sept 23, 2022.
             Was an Initiate of Hepliaklqana.
             Killed by divine providence
             ... invoked by an orc priest
              (15 damage)
             ... on level 7 of the Dungeon on Sept 24, 2022.
             The game lasted 00:18:24 (9489 turns).

brightshaft the Carver (Merfolk Gladiator)          Turns: 9489, Time: 00:18:24

Health: -1/71      AC:  9    Str: 14    XL:     9   Next: 51%
Magic:  9/9        EV: 17    Int:  7    God:    Hepliaklqana [......]
Gold:   331        SH:  0    Dex: 20    Spells: 8/8 levels left

rFire   + . .      SeeInvis .   a - +0 long sword
rCold   + . .      Faith    .   (no shield)
rNeg    . . .      Spirit   .   o - +3 leather armour
rPois   .          Reflect  .   c - +2 helmet
rElec   .          Harm     .   y - scarf {rC+ rF+}
rCorr   .          Rampage  .   (no gloves)
Will    .....                   (no boots)
Stlth   +.........              q - amulet of the acrobat
HPRegen 0.21/turn               (no ring)
MPRegen 0.11/turn               (no ring)

@: no status effects
A: (nimble swimmer 2), mertail
a: Renounce Religion


You were on level 7 of the Dungeon.
You worshipped Hepliaklqana.
Hepliaklqana was noncommittal.
You visited 1 branch of the dungeon, and saw 7 of its levels.
You also visited: Sewer and Ossuary.

You collected 403 gold pieces.
You spent 72 gold pieces at shops.

Inventory:

Hand Weapons
 a - a +0 long sword (weapon)
 b - a +1 dagger of venom
Missiles
 d - a throwing net (quivered)
 e - a javelin
 m - 5 poisoned darts
Armour
 c - a +2 helmet (worn)
 h - a +0 cloak
 o - a +3 leather armour (worn)
 y - a scarf of resistance (worn)
Jewellery
 q - an amulet of the acrobat (around neck)
Wands
 w - a wand of polymorph (6)
Scrolls
 g - 3 scrolls of teleportation
 l - 2 scrolls of vulnerability
 n - 2 scrolls of magic mapping
 v - a scroll of enchant armour
 A - a scroll of identify
 B - a scroll of summoning {unknown}
 C - a scroll of amnesia
Potions
 f - a potion of cancellation
 i - 5 potions of haste
 j - 7 potions of curing
 k - a potion of heal wounds
 p - 2 potions of lignification
 r - 3 potions of mutation
 s - 2 potions of magic
 t - 2 potions of berserk rage
 u - a potion of invisibility
 x - 3 potions of brilliance
 z - 2 potions of might


   Skills:
 + Level 6.6 Fighting
 * Level 10.4 Long Blades
 - Level 2.0 Throwing
 + Level 3.6 Armour
 + Level 8.5 Dodging


You had 8 spell levels left.
You didn't know any spells.
Your spell library contained the following spells:

 Spells                   Type           Power      Damage    Failure   Level
 Gell's Gravitas          Tloc           0%         N/A       86%         3
 Inner Flame              Hex/Fire       0%         N/A       86%         3
 Teleport Other           Tloc           0%         N/A       86%         3
 Cause Fear               Hex            0%         N/A       99%         4
 Dispersal                Tloc           0%         N/A       100%        6
 Discord                  Hex            0%         N/A       100%        8


Dungeon Overview and Level Annotations

Branches:
Dungeon (7/15)              Sewer (visited)         Ossuary (visited)
 Temple: D:4-7

Altars:
Hepliaklqana
Ru
Trog

Shops:
D:7 *


Innate Abilities, Weirdness & Mutations

((You are very nimble when in or above water. (Stealth+, EV+, Speed+++)))
Your lower body shifts to a powerful aquatic tail in water.


Message History

The bullfrog hits you but does no damage.
The orc priest casts a cantrip, but nothing happens.
You hit the bullfrog.
The bullfrog is moderately wounded.
The bullfrog completely misses you. The bullfrog barely misses you.
You closely miss the bullfrog.
The bullfrog is moderately wounded.
The bullfrog barely misses you.
The orc priest hits you with a +0 short sword.
You hit the bullfrog. You punch the bullfrog.
The bullfrog is heavily wounded.
The bullfrog closely misses you. The orc priest barely misses you.
You barely miss the orc priest. The bullfrog completely misses you.
You hit the orc priest but do no damage.
The bullfrog closely misses you.
The orc priest hits you but does no damage.
The bullfrog closely misses you.
You hit the orc priest.
The orc priest is lightly wounded.
The orc priest looks encouraged for a moment.
The bullfrog hits you.
You hit the orc priest but do no damage.
The orc priest is lightly wounded.
The bullfrog misses you. The orc priest closely misses you.
You hit the orc priest.
The orc priest is severely wounded.
The bullfrog barely misses you. The orc priest barely misses you.
The bullfrog closely misses you.
You closely miss the orc priest.
The orc priest is severely wounded.
The bullfrog hits you!
The orc priest calls down the wrath of Beogh upon you.
Beogh smites you!
* * * LOW HITPOINT WARNING * * *
You barely miss the orc priest.
The orc priest is severely wounded.
The bullfrog hits you but does no damage.
The orc priest invokes the aid of Beogh against you.
Beogh smites you!
You die...

#. ## ##.. ##
.. ...#..# #.
#.. ..##.
#).##.........?
#......#.#.#.#
#..#...F.o..#
#..#. #@#.# ...
#...# #.###.#.#
#.....#.# .#
##......# # #.#
#..#####
#.#####.# #..#
#....##.# #..#
#.##.# #..#


You could see a bullfrog and an orc priest.

Vanquished Creatures
  A steam dragon (D:7)
  2 water moccasins
  A black bear (D:6)
  An ogre (D:5)
  A centaur (D:6)
  3 kobold brigands
  5 elf zombies (Ossuary)
  2 necrophages (D:6)
  A gnoll sergeant (D:7)
  3 scorpions
  2 centaur zombies (Ossuary)
  A quasit (D:6)
  A hound (D:6)
  An orc priest (D:5)
  A gnoll bouda (D:4)
  A jelly (D:6)
  2 human zombies (Ossuary)
  An iguana (D:6)
  2 orc wizards
  4 hound zombies
  3 mummies (Ossuary)
  18 adders
  11 gnolls
  5 river rats
  2 shadow imps
  A white imp (D:6)
  2 ufetubi
  6 adder zombies
  3 worms
  5 dart slugs
  11 orcs
  9 ball pythons
  4 bats
  13 endoplasms
  3 giant cockroaches
  A gnoll zombie (Ossuary)
  2 goblins (D:1)
  5 hobgoblins
  6 jackals
  5 quokkas
  7 frilled lizards
  2 goblin zombies (Ossuary)
  3 hobgoblin zombies (Ossuary)
  3 jackal zombies (Ossuary)
  23 kobolds
  4 kobold zombies (Ossuary)
  An orc zombie (Ossuary)
  27 rats
  4 rat zombies (Ossuary)
225 creatures vanquished.

Vanquished Creatures (others)
  3 demonic plants (D:6)
  2 fungi (D:6)
  7 plants (D:6)
12 creatures vanquished.

Grand Total: 237 creatures vanquished

Notes
Turn   | Place    | Note
-------+----------+-------------------------------------------
     0 | D:1      | brightshaft the Merfolk Gladiator began the quest for the
                  | Orb.
     0 | D:1      | Reached XP level 1. HP: 16/16 MP: 1/1
    92 | D:1      | Reached XP level 2. HP: 15/23 MP: 2/2
   210 | D:1      | Reached skill level 4 in Long Blades
   838 | D:1      | Reached XP level 3. HP: 28/28 MP: 3/3
  1954 | D:2      | Reached XP level 4. HP: 34/35 MP: 4/4
  1983 | D:2      | Reached skill level 5 in Long Blades
  2509 | D:2      | Reached skill level 5 in Dodging
  2514 | D:2      | Reached XP level 5. HP: 12/41 MP: 5/5
  3443 | D:3      | Found a faded altar of an unknown god.
  3723 | D:3      | Found a hazy altar of Hepliaklqana.
  3862 | D:3      | Reached skill level 6 in Long Blades
  4176 | D:4      | Found a sand-covered staircase.
  4181 | Ossuary  | Entered an ossuary
  4209 | Ossuary  | Reached XP level 6. HP: 38/48 MP: 6/6
  4336 | Ossuary  | Reached skill level 1 in Armour
  4514 | Ossuary  | Reached XP level 7. HP: 39/54 MP: 7/7
  4536 | Ossuary  | Reached skill level 7 in Long Blades
  5305 | D:4      | Reached XP level 8. HP: 41/61 MP: 8/8
  5710 | D:4      | Reached skill level 5 in Fighting
  5720 | D:4      | Reached skill level 8 in Long Blades
  5887 | D:5      | Entered Level 5 of the Dungeon
  6025 | D:5      | Found a glowing drain.
  6033 | Sewer    | Entered a sewer
  7268 | D:5      | Identified the +4 quarterstaff of Sloth {vorpal, Dex+5}
  7441 | D:5      | Reached skill level 9 in Long Blades
  7715 | D:5      | Found a bloodstained altar of Trog.
  8027 | D:3      | Became a worshipper of Hepliaklqana the Forgotten
  8254 | D:6      | Reached XP level 9. HP: 61/69 MP: 9/9
  8701 | D:6      | Reached skill level 10 in Long Blades
  9162 | D:6      | Found a sacrificial altar of Ru.
  9198 | D:7      | Found Xaxkocid's Assorted Antiques.
  9238 | D:7      | Bought a potion of curing for 72 gold pieces
  9489 | D:7      | Killed from afar by an orc priest

Illustrated notes

Levels and vault maps discovered:
D:1:      lightli_arrival_windingriver, layout_basic
D:2:      layout_loops_ring, minmay_misc_feat_roman, grunt_ministairs_15,
          wad_floor_pattern_2, minmay_divided_ellipse
D:3:      layout_loops_ring, amcnicky_altar_gilded, serial_undead,
          serial_undead_f, serial_undead_f, serial_undead_a, serial_undead_c,
          hellmonk_ecumenical_altar_pennies_from_heaven, dreamdust_wishing_well
D:4:      layout_basic, nicolae_ossuary_entry_false_entrances,
          minmay_misc_feat_iff, dk_noncrumbling_2
D:5:      layout_loops_cross, old_standard_altar, portal_sewer_entry_a
D:6:      layout_basic, nicolae_ru_the_path_less_chosen, serial_demonic,
          serial_demonic_c, serial_demonic_g, serial_demonic_f, serial_demonic_f
D:7:      layout_loops_ring, overflow_temple_1_default,
          gammafunk_temple_overflow_statue, minmay_temple_entry_proselytizer,
          serial_shops, shop, nicolae_stop_n_shop_1, nicolae_shop_statue_plus,
          nicolae_lakefront_shop

Skill      XL: |  1  2  3  4  5  6  7  8  9 |
---------------+----------------------------+-----
Long Blades    | 4 5 6 7 9 10 | 10.4
Fighting       | 3 4 5 6 |  6.6
Dodging        | 5 6 7 8 |  8.5
Armour         | 1 2 3 |  3.6
Throwing       | |  2.0

Action                   |  1- 3 |  4- 6 |  7- 9 || total
-------------------------+-------+-------+-------++-------
Melee: Long sword        |   110 |   247 |   511 ||   868
       Punch             |       |     2 |     9 ||    11
       Dagger            |       |       |    42 ||    42
       Tailslap          |       |       |     3 ||     3
Throw: Throwing net      |       |     1 |     1 ||     2
  Use: Potion            |       |     1 |       ||     1
       Scroll            |       |     4 |    16 ||    20
 Stab: Held in net/web   |       |     1 |       ||     1
       Sleeping          |       |     2 |     4 ||     6
Armor: Leather armour    |    39 |    37 |   114 ||   190
       Ring mail         |       |    50 |    59 ||   109
Dodge: Dodged            |    89 |   170 |   526 ||   785
